 Dungeon Crawl Stone Soup version 0.29-a0-872-g797fff5ad1 (webtiles) character file.

Game seed: 5194870438404763994

20041 Ijustatesigmund the Contemplative (level 12, -10/79 HPs)
             Began as an Octopode Earth Elementalist on July 19, 2022.
             Was a Priest of Cheibriados.
             Mangled by a slime creature (20 damage)
             ... on level 12 of the Dungeon.
             The game lasted 01:08:20 (22627 turns).

Ijustatesigmund the Contemplative (OpEE)           Turns: 22627, Time: 01:08:21

Health: -10/79     AC:  4    Str: 14    XL:     12   Next: 75%
Magic:  2/28       EV: 15    Int: 29    God:    Cheibriados [***...]
Gold:   893        SH: 13    Dex: 20    Spells: 7/20 levels left

rFire   . . .      SeeInvis .   m - +2 morningstar (protect)
rCold   + + .      Faith    .   g - +2 kite shield {AC+3}
rNeg    . . .      Spirit   .   (helmet restricted)
rPois   .          Reflect  .   (no amulet)
rElec   .          Harm     .   k - ring of magical power
rCorr   .          Rampage  .   j - ring of flight
Will    .....                   q - ring of protection from cold
Stlth   +++.......              x - ring of protection from cold
HPRegen 0.23/turn               (no ring)
MPRegen 0.21/turn               (no ring)
                                (no ring)
                                (no ring)

@: about to teleport, flying, very slow
A: almost no armour, amphibious, 8 rings, camouflage 1, gelatinous body 1,
(nimble swimmer 1), tentacles, mutation resistance 1, screaming 1
a: Renounce Religion, Bend Time, Temporal Distortion


You were on level 12 of the Dungeon.
You worshipped Cheibriados.
Cheibriados was most pleased with you.
You visited 2 branches of the dungeon, and saw 13 of its levels.
You also visited: Bailey.

You collected 1093 gold pieces.
You spent 200 gold pieces at shops.

Inventory:

Hand Weapons
 c - a +1 spear of venom
 m - a +2 morningstar of protection (weapon)
 o - a +5 war axe of draining
Missiles
 n - 2 throwing nets
Armour
 g - a +2 kite shield of protection (worn)
Jewellery
 j - a ring of flight (right tentacle)
 k - a ring of magical power (left tentacle)
 q - a ring of protection from cold (on tentacle)
 x - a ring of protection from cold (on tentacle)
Wands
 u - a wand of mindburst (4)
 y - a wand of flame (22)
Scrolls
 b - 5 scrolls of magic mapping
 l - a scroll of teleportation
 r - a scroll of immolation
 s - 3 scrolls of identify
 t - a scroll of poison
 A - 3 scrolls of amnesia
Potions
 a - 2 potions of magic
 d - 6 potions of flight
 e - 2 potions of curing
 f - 2 potions of haste
 h - a potion of might
 i - 2 potions of brilliance
 p - 3 potions of attraction
 v - 3 potions of heal wounds
 w - a potion of berserk rage
 z - a potion of resistance
 B - a potion of ambrosia


   Skills:
 - Level 6.2 Fighting
 - Level 3.0 Maces & Flails
 - Level 6.2 Dodging
 - Level 2.6 Stealth
 - Level 6.0 Shields
 - Level 4.9 Spellcasting
 + Level 8.2 Conjurations
 - Level 6.9 Translocations
 + Level 5.3 Transmutations
 - Level 7.8 Earth Magic
 + Level 8.9 Invocations
 - Level 5.3 Evocations


You had 7 spell levels left.
You knew the following spells:

 Your Spells              Type           Power      Damage    Failure   Level
a - Sandblast             Erth           100%       2d20      1%          1
b - Stone Arrow           Conj/Erth      100%       3d13      1%          3
c - Passwall              Tmut/Erth      37%        N/A       1%          2
d - Blink                 Tloc           94%        N/A       1%          2
e - Irradiate             Conj/Tmut      23%        3d19      28%         5

Your spell library contained the following spells:

 Spells                   Type           Power      Damage    Failure   Level
 Beastly Appendage        Tmut           74%        N/A       1%          1
 Wereblood                Tmut           37%        N/A       3%          2
 Gell's Gravitas          Tloc           47%        N/A       3%          3
 Lesser Beckoning         Tloc           47%        N/A       3%          3
 Teleport Other           Tloc           47%        N/A       3%          3
 Sting                    Tmut/Pois      88%        1d7       6%          1
 Iskenderun's Mystic Bla  Conj/Tloc      50%        2d11      8%          4
 Petrify                  Tmut/Erth      45%        N/A       11%         4
 Portal Projectile        Hex/Tloc       54%        N/A       12%         3
 Spider Form              Tmut/Pois      22%        N/A       17%         3
 Lee's Rapid Deconstruct  Erth           26%        3d15*     19%         5
 Poisonous Vapours        Pois/Air       14%        N/A       26%         2
 Sublimation of Blood     Necr           7%         N/A       26%         2
 Manifold Assault         Tloc           47%        N/A       28%         5
 Fulminant Prism          Conj/Hex       15%        3d11      30%         4
 Leda's Liquefaction      Hex/Erth       15%        N/A       32%         4
 Call Canine Familiar     Summ           7%         N/A       45%         3
 Tukima's Dance           Hex            7%         N/A       45%         3
 Blade Hands              Tmut           18%        N/A       47%         5
 Olgreb's Toxic Radiance  Pois           7%         N/A       86%         4
 Ozocubu's Refrigeration  Ice            3%         4d5       100%        7
 Ignition                 Fire           3%         3d4       100%        8


Dungeon Overview and Level Annotations

Branches:
Dungeon (12/15)            Temple (1/1) D:6            Lair (0/5) D:10
    Orc (0/2) D:12         Bailey (visited)

Altars:
Ashenzari
Cheibriados
Dithmenos
Elyvilon
Fedhas
Gozag
Hepliaklqana
Kikubaaqudgha
Makhleb
Nemelex Xobeh
Okawaru
Qazlal
Ru
Sif Muna
Trog
Uskayaw
Vehumet
Wu Jian
Xom
Yredelemnul
Zin
The Shining One

Shops:
D:9 (*


Innate Abilities, Weirdness & Mutations

You cannot wear most types of armour.
You are amphibious.
You can wear up to eight rings at the same time.
Your skin changes colour to match your surroundings (Stealth+).
Your rubbery body absorbs attacks. (AC +1, EV +1)
((You are camouflaged when in or above water. (Stealth+)))
You have tentacles for arms and can constrict up to eight enemies at once.
You are somewhat resistant to further mutation.
You occasionally shout uncontrollably at your foes.


Message History

Aiming: Stone Arrow (safe; 1% risk of failure)
Press: ? - help, Shift-Dir - straight line, f - slime creature
Aim: a slime creature (95% to hit)
The stone arrow hits the slime creature!!
The slime creature is moderately wounded.
The slime creature hits you!!
Casting: Stone Arrow (safe; 1% risk of failure)
Confirm with . or Enter, or press ? or * to list all spells.
Aiming: Stone Arrow (safe; 1% risk of failure)
Press: ? - help, Shift-Dir - straight line, f/p - slime creature
Aim: a slime creature (moderately wounded, 95% to hit)
The stone arrow hits the slime creature!!
The slime creature is severely wounded.
The slime creature hits you!
Casting: Stone Arrow (safe; 1% risk of failure)
Confirm with . or Enter, or press ? or * to list all spells.
Aiming: Stone Arrow (safe; 1% risk of failure)
Press: ? - help, Shift-Dir - straight line, f/p - slime creature
Aim: a slime creature (severely wounded, 95% to hit)
The stone arrow hits the slime creature!
The slime creature is almost dead.
The slime creature hits you.
Casting: Stone Arrow (safe; 1% risk of failure)
Confirm with . or Enter, or press ? or * to list all spells.
Aiming: Stone Arrow (safe; 1% risk of failure)
Press: ? - help, Shift-Dir - straight line, f/p - slime creature
Aim: a slime creature (almost dead, 95% to hit)
The stone arrow hits the slime creature!
You kill the slime creature!
Cheibriados thoroughly appreciates the change of pace.
As you read the scroll of teleportation, it crumbles to dust.
You feel strangely unstable. The slime creature closely misses you.
The slime creature hits you!
* * * LOW HITPOINT WARNING * * *
The slime creature quivers.
The slime creature attacks as you move away!
The slime creature hits you!
* * * LOW HITPOINT WARNING * * *
You block the slime creature's attack. The slime creature hits you!!
You die...

#.# #..... #.#
####'# ####'####
#.# #.......# #..
#.......# ##.
#.......#### ####'
#.......'..# #....
#.......##.###....
#@...:..##..##....
#JJ.....###..#....
#.......# ##.'....
#####'### ###..>.
#...# ###'#
########.## #.#
#......)..# #..
#......[J.# ###
#.........#########


You could see 2 slime creatures.

Vanquished Creatures
  Josephine (D:11)
  Fannar (D:11)
  3 hydras
  Erolcha (D:9)
  A two-headed ogre (D:11)
  An orc knight (D:12)
  Pikel (D:6)
  A manticore (D:11)
  2 gargoyles
  Maggie (D:6)
  An unseen horror (D:11)
  A kobold demonologist (D:11)
  A komodo dragon (D:12)
  A hornet (D:7)
  2 trolls
  5 slime creatures
  2 vampires
  8 wraiths
  7 yaks
  11 vampire mosquitoes
  Grum (D:8)
  A warg (D:12)
  4 acid dragons
  5 water moccasins
  11 orc warriors
  2 sky beasts
  2 black bears
  4 ogres
  2 wolves (D:8)
  5 centaurs
  4 lemures (D:6)
  3 phantoms
  6 kobold brigands
  4 bullfrogs
  5 scorpions
  A necrophage (D:8)
  2 gnoll sergeants (D:12)
  13 wights
  10 killer bees
  4 howler monkeys (D:8)
  5 hounds
  2 jellies
  6 orc priests
  4 gnoll boudas
  2 iguanas
  13 orc wizards
  7 adders
  31 gnolls
  A shadow imp (D:7)
  2 white imps
  2 ufetubi (D:5)
  2 worms
  2 dart slugs
  51 orcs
  5 ball pythons
  8 endoplasms
  3 giant cockroaches
  3 goblins
  13 hobgoblins
  3 quokkas
  2 bats (D:1)
  A frilled lizard (D:1)
  37 kobolds
  9 rats
355 creatures vanquished.

Notes
Turn   | Place    | Note
-------+----------+-------------------------------------------
     0 | D:1      | Ijustatesigmund the Octopode Earth Elementalist began the
                  | quest for the Orb.
     0 | D:1      | Reached XP level 1. HP: 11/11 MP: 3/3
   109 | D:1      | Found a faded altar of an unknown god.
   285 | D:1      | Reached XP level 2. HP: 16/17 MP: 0/5
   935 | D:2      | Reached XP level 3. HP: 21/21 MP: 3/6
   941 | D:2      | Learned a level 3 spell: Stone Arrow
   944 | D:2      | Learned a level 2 spell: Passwall
  1843 | D:3      | Reached skill level 1 in Conjurations
  1965 | D:3      | Reached XP level 4. HP: 27/27 MP: 5/7
  2290 | D:3      | Reached XP level 5. HP: 19/31 MP: 4/9
  2601 | D:3      | Noticed a black bear
  2625 | D:3      | HP: 1/31 [black bear (1)]
  2626 | D:3      | Killed a black bear
  2627 | D:3      | Reached XP level 6. HP: 1/36 MP: 0/10
  3429 | D:4      | Reached skill level 1 in Fighting
  3574 | D:4      | Reached XP level 7. HP: 43/43 MP: 11/11
  4314 | D:5      | Entered Level 5 of the Dungeon
  4351 | D:5      | Learned a level 2 spell: Blink
  4367 | D:5      | Reached skill level 1 in Translocations
  4817 | D:5      | Reached skill level 1 in Shields
  4959 | D:5      | Reached XP level 8. HP: 50/50 MP: 12/12
  6016 | D:6      | Found a staircase to the Ecumenical Temple.
  6035 | Temple   | Entered the Ecumenical Temple
  6042 | Temple   | Reached skill level 1 in Evocations
  6407 | D:6      | Noticed Maggie
  6562 | D:6      | Gained mutation: You occasionally shout uncontrollably at
                  | your foes. [potion of mutation]
  6562 | D:6      | Gained mutation: You are somewhat resistant to further
                  | mutation. [potion of mutation]
  6566 | D:6      | Killed Maggie
  6567 | D:6      | Reached skill level 5 in Shields
  6567 | D:6      | Reached XP level 9. HP: 21/54 MP: 13/13
  6820 | D:6      | Reached skill level 5 in Evocations
  7730 | D:6      | Noticed Pikel
  7736 | D:6      | Killed Pikel
  7737 | D:6      | Reached skill level 5 in Earth Magic
  8135 | D:7      | Reached skill level 5 in Conjurations
  8197 | D:7      | Found a flagged portal.
  8206 | Bailey   | Entered a bailey
  8393 | Bailey   | Identified the +5 plate armour of Unambiguity {Str+4 Int+4
                  | Stlth+}
  8426 | Bailey   | Noticed an orc knight
  8468 | Bailey   | Reached skill level 1 in Maces & Flails
  9204 | Bailey   | Reached skill level 5 in Translocations
  9204 | Bailey   | Reached XP level 10. HP: 37/60 MP: 9/14
 12773 | D:8      | Noticed Grum
 12776 | D:8      | Found a shimmering altar of Xom.
 12776 | D:8      | Found a glowing golden altar of the Shining One.
 12776 | D:8      | Found an iron altar of Okawaru.
 12776 | D:8      | Found a stormy altar of Qazlal.
 12782 | D:8      | Killed Grum
 13785 | D:7      | Reached XP level 11. HP: 69/69 MP: 17/17
 14057 | D:9      | Found Wybusosi's General Store.
 14103 | D:9      | Bought a scroll of teleportation for 48 gold pieces
 14103 | D:9      | Bought a scroll of brand weapon for 152 gold pieces
 15136 | D:9      | Noticed Erolcha
 15151 | D:9      | Killed Erolcha
 15381 | D:9      | Found Voxkocie's Antique Weapon Boutique.
 15733 | Temple   | Became a worshipper of Cheibriados the Contemplative
 15857 | D:10     | Entered Level 10 of the Dungeon
 16184 | D:10     | Found a staircase to the Lair.
 16201 | D:10     | Reached skill level 1 in Invocations
 16524 | D:10     | Reached * piety under Cheibriados
 17496 | D:11     | Noticed a six-headed hydra
 17502 | D:11     | Killed a six-headed hydra
 17624 | D:11     | Noticed Fannar
 17675 | D:11     | Killed Fannar
 18267 | D:11     | Reached skill level 5 in Dodging
 18283 | D:11     | Reached skill level 5 in Invocations
 18423 | D:11     | Noticed Josephine
 18435 | D:11     | Killed Josephine
 18640 | D:11     | Noticed a two-headed ogre
 18647 | D:11     | Killed a two-headed ogre
 18648 | D:11     | Reached XP level 12. HP: 62/75 MP: 18/19
 18971 | D:11     | Reached skill level 5 in Fighting
 19318 | D:11     | Reached ** piety under Cheibriados
 19955 | D:12     | Noticed a seven-headed hydra
 19961 | D:12     | Killed a seven-headed hydra
 20036 | D:12     | Found a staircase to the Orcish Mines.
 20756 | D:12     | Learned a level 5 spell: Irradiate
 20809 | D:12     | Noticed an eight-headed hydra
 20820 | D:12     | Killed an eight-headed hydra
 21200 | D:12     | Reached *** piety under Cheibriados
 22363 | D:11     | Reached skill level 5 in Transmutations
 22627 | D:12     | Mangled by a slime creature

Illustrated notes

Levels and vault maps discovered:
D:1:      saegor_arrival_simple_e, layout_basic,
          hellmonk_ecumenical_altar_pennies_from_heaven, st_stairs_3
D:2:      layout_basic, corexii_item_surrounded_by_moat
D:3:      layout_loops_cross, nicolae_concentric_dashed_squares_mild,
          serial_bayou_pond_d, kennysheep_generic_room_16
D:4:      layout_rooms, kennysheep_pointless_box
D:5:      layout_loops_ring, dk_noncrumbling_3, kennysheep_donut
D:6:      cheibrodos_thug_alley, layout_loops_ring,
          minmay_temple_entry_overgrown, minmay_small_thing, uniq_pikel,
          uniq_maggie
D:7:      layout_basic, enter_bailey_6
D:8:      minmay_spotlight, layout_cave_pools, grunt_temple_overflow_cloverleaf,
          uniq_grum
D:9:      layout_grid_maze, serial_shops, nicolae_shop_hallway_plus,
          nicolae_shop_stone, uniq_erolcha
D:10:     layout_roguey, lair_entry_dummy
D:11:     layout_roguey, uniq_josephine, uniq_fannar
D:12:     layout_roguey, orc_0_dummy
Temple:   regret_index_temple_mists

Skill      XL: |  1  2  3  4  5  6  7  8  9 10 11 12 |
---------------+-------------------------------------+-----
Transmutations | 2 3 5 |  5.3
Conjurations   | 1 2 3 5 7 8 |  8.2
Spellcasting   | 3 4 |  4.9
Earth Magic    | 4 6 7 |  7.8
Fighting       | 1 2 4 6 |  6.2
Translocations | 2 5 6 |  6.9
Shields        | 2 5 6 |  6.0
Evocations     | 4 5 |  5.3
Maces & Flails | 2 3 |  3.0
Invocations    | 6 8 |  8.9
Dodging        | 6 |  6.2
Stealth        | |  2.6

Action                   |  1- 3 |  4- 6 |  7- 9 | 10-12 || total
-------------------------+-------+-------+-------+-------++-------
Melee: Rapier            |    17 |    30 |     2 |       ||    49
       Dagger            |     4 |       |       |       ||     4
       Constrict         |     5 |     9 |    35 |    62 ||   111
       Tentacles         |     3 |    12 |    48 |    90 ||   153
       Punch             |     1 |       |     3 |    10 ||    14
       Spear             |       |       |    32 |       ||    32
       Flail             |       |       |   121 |   259 ||   380
       Morningstar       |       |       |       |    24 ||    24
 Cast: Sandblast         |    38 |    29 |   150 |   141 ||   358
       Stone Arrow       |       |     7 |    28 |   232 ||   267
       Passwall          |       |       |     2 |     5 ||     7
       Blink             |       |       |       |    19 ||    19
Invok: Bend Time         |       |       |       |     3 ||     3
Evoke: Wand              |       |       |    12 |    23 ||    35
  Use: Scroll            |     5 |     2 |     6 |    13 ||    26
       Potion            |       |     4 |     3 |     6 ||    13
 Stab: Sleeping          |     4 |     4 |     5 |     1 ||    14
Armor: Skin              |     1 |     2 |    52 |   137 ||   192
Dodge: Dodged            |    16 |    34 |    87 |   243 ||   380
Block: Kite shield       |       |       |   119 |   364 ||   483

Table legend: (Time is in decaauts)
 A = Elapsed time spent in this place.
 B = Non-inter-level travel time spent in this place.
 C = Inter-level travel time spent in this place.
 D = Time resting spent in this place.
 E = Time spent auto-exploring this place.
 F = Levels seen in this place.
 G = Mean time per level.
                   A        B        C        D        E       F      G
               +--------+--------+--------+--------+--------+-----+--------+
         Total |  23979 |  23222 |    757 |  10257 |   9061 |  14 | 1712.8 |
       Dungeon |  21639 |  20895 |    744 |   9081 |   8882 |  12 | 1803.2 |
        Temple |    285 |    273 |     12 |    109 |     86 |   1 |  285.0 |
        Bailey |   2054 |   2054 |      0 |   1067 |     93 |   1 | 2054.0 |
               +--------+--------+--------+--------+--------+-----+--------+

Top non-repeatable levels by time:
    D:11: 2932 daAuts
    D:12: 2835 daAuts
     D:6: 2602 daAuts
     D:8: 2288 daAuts
  Bailey: 2054 daAuts
     D:7: 1903 daAuts
     D:3: 1832 daAuts
    D:10: 1810 daAuts
     D:9: 1564 daAuts
     D:5: 1154 daAuts
     D:4: 964 daAuts
     D:1: 948 daAuts
     D:2: 802 daAuts
  Temple: 285 daAuts
